 Dungeon Crawl Stone Soup version 0.19.1 (webtiles) character file.

2578 AAAAA the Fighter (level 9, -10/85 HPs)
             Began as a Demigod Wanderer on Nov 26, 2016.
             Killed by divine providence
             ... invoked by an orc priest
              (13 damage)
             ... on level 7 of the Dungeon.
             The game lasted 00:34:52 (15841 turns).

AAAAA the Fighter (Demigod Wanderer)               Turns: 15841, Time: 00:34:53

Health: -10/85     AC:  4    Str: 15    XL:     9   Next: 10%
Magic:  19/19      EV: 10    Int: 26    God:
Gold:   346        SH:  0    Dex: 16    Spells: 3 memorised, 12 levels left

rFire  . . .     SeeInvis .     N - +1 trident (freeze)
rCold  . . .     Gourm    .     F - +0 leather armour
rNeg   . . .     Faith    .     (no shield)
rPois  .         Spirit   .     (no helmet)
rElec  .         Reflect  .     (no cloak)
rCorr  .         Harm     .     (no gloves)
MR     .....                    O - +0 pair of boots
Stlth  ++........               (no amulet)
                                o - +5 ring of intelligence
                                m - ring of flight

@: no status effects
A: high mp 1
a: Evoke Flight


You were on level 7 of the Dungeon.
You were not hungry.

You visited 1 branch of the dungeon, and saw 7 of its levels.

You collected 346 gold pieces.

Inventory:

Hand Weapons
 a - a +2 falchion
 e - a +0 blowgun
 p - a +0 spear
 I - a +1 dagger of flaming
 N - a +1 trident of freezing (weapon)
Missiles
 c - 5 needles of sleeping
 i - 7 curare-tipped needles
 r - 7 needles of confusion
 u - 13 poisoned needles
Armour
 d - a +0 robe
 k - a +0 pair of boots
 E - a +0 ring mail
 F - a +0 leather armour (worn)
 O - a +0 pair of boots (worn)
Jewellery
 m - a ring of flight (left hand)
 o - a +5 ring of intelligence (right hand)
Wands
 y - a wand of paralysis (0/24)
 H - a wand of flame (18/48)
 K - a wand of digging (13/24)
Scrolls
 g - 6 scrolls of remove curse
 j - 2 scrolls of noise
 n - a scroll of recharging
 q - 2 scrolls of enchant armour
 G - a scroll of enchant weapon
 M - 2 scrolls of amnesia {unknown}
Potions
 h - a potion of berserk rage {unknown}
 l - a potion of might {unknown}
 s - a potion of brilliance {unknown}
 v - a potion of agility {unknown}
 x - a potion of cure mutation {unknown}
 B - a potion of resistance {unknown}
 J - a potion of magic {unknown}
 L - a potion of cancellation {unknown}
Books
 b - Sif Muna's Catalogue of Companions

   Spells                             Type                      Level
   a - Summon Butterflies             Summoning                    1
   b - Summon Guardian Golem          Hexes/Summoning              3
 C - a book of Cantrips

   Spells                             Type                      Level
   a - Confusing Touch                Hexes                        1
   b - Animate Skeleton               Necromancy                   1
   c - Summon Small Mammal            Summoning                    1
   d - Apportation                    Translocation                1
Comestibles
 f - 3 bread rations
 w - 2 slices of pizza
 z - 2 meat rations


   Skills:
 - Level 10.0 Fighting
 - Level 1.7 Long Blades
 + Level 3.0 Polearms
 - Level 1.7 Stealth
 - Level 4.7 Spellcasting
   Level 1.0 Ice Magic
   Level 1.7 Earth Magic
 - Level 1.0 Evocations


You had 12 spell levels left.
You knew the following spells:

 Your Spells              Type           Power        Failure   Level  Hunger
a - Summon Guardian Gole  Hex/Summ       #.......     30%         3    ##.....
b - Summon Small Mammal   Summ           #...         12%         1    None
c - Summon Butterflies    Summ           #.......     12%         1    None


Dungeon Overview and Level Annotations

Branches:
Dungeon (7/15)             Temple (0/1) D:4


Innate Abilities, Weirdness & Mutations

You have an increased reservoir of magic. (+10% MP)


Message History

Your magical contamination has completely faded away.
You start resting.
You feel sick.
You are no longer poisoned.
Unknown command.
You start resting.
The orc priest invokes the aid of Beogh against you.
Beogh smites you!
* * * LOW HITPOINT WARNING * * *
The orc priest barely misses you.
You hit the orc priest. You freeze the orc priest.
The orc priest is moderately wounded.
The orc priest hits you but does no damage.
The orc priest mumbles some strange prayers to Beogh against you.
Beogh smites you!
* * * LOW HITPOINT WARNING * * *
Your leather armour prevents you from hitting the orc priest.
The orc priest is moderately wounded.
The orc priest calls down the wrath of Beogh upon you.
Beogh smites you!
You die...

########## #........# #.######.#
### #.# #.# ##.######.######.#
#.............##.#
.....####.###.##.## #...## #.#
#.....# .....# #.###.##@.# .###.#
#.......o.# ... .# #.#
#####.###.# #.# .# .###.# #...#.#
#.##.# .....# #####.#.#.# #.#.. #
.....## #.........# #.#.# #.#
......###.##..(...# #.#.## #.#
.......##.#...#.#.######....###..
.......'.........................


You could see an orc priest.

Vanquished Creatures
  A hippogriff (D:5)
  Duvessa (D:6)
  2 orc warriors (D:5)
  A necrophage (D:7)
  2 ogres
  A centaur (D:5)
  3 bullfrogs
  A jelly (D:7)
  3 crimson imps
  A howler monkey (D:6)
  5 hounds
  3 orc priests
  2 bullfrog skeletons
  7 orc wizards
  An iguana (D:4)
  7 worker ants
  2 worker ant zombies (D:6)
  13 adders
  3 oozes
  3 worms
  2 dart slugs (D:1)
  A leopard gecko (D:3)
  27 orcs
  8 giant cockroaches
  7 goblins
  11 hobgoblins
  6 jackals
  6 quokkas
  3 ball pythons
  9 bats
  4 frilled lizards (D:2)
  8 kobolds
  7 rats
161 creatures vanquished.

Vanquished Creatures (collateral kills)
  A water moccasin (D:6)
  An ice beast (D:5)
  A sky beast (D:5)
  An orc warrior (D:7)
  An ogre (D:4)
  Dowan (D:6)
  A scorpion (D:7)
  4 wights (D:6)
  An orc priest (D:4)
  A hound (D:6)
  A jelly (D:5)
  2 iguanas (D:5)
  A worker ant (D:7)
  An adder (D:6)
  A frilled lizard (D:5)
19 creatures vanquished.

Vanquished Creatures (others)
  A leopard gecko skeleton (D:5)
1 creature vanquished.

Grand Total: 181 creatures vanquished

Notes
Turn   | Place    | Note
-------+----------+-------------------------------------------
     0 | D:1      | AAAAA the Demigod Wanderer began the quest for the Orb.
     0 | D:1      | AAAAA set off with: a +2 falchion, Sif Muna's Catalogue of Companions, a potion of lignification, a +0 robe, a +0 dagger, a bread ration
     0 | D:1      | Reached XP level 1. HP: 14/14 MP: 5/5
     0 | D:1      | Identified Sif Muna's Catalogue of Companions
   143 | D:1      | Reached XP level 2. HP: 16/20 MP: 5/7
  1044 | D:2      | Reached XP level 3. HP: 26/26 MP: 10/10
  1405 | D:2      | Learned a level 3 spell: Summon Guardian Golem
  1546 | D:2      | Learned a level 1 spell: Summon Butterflies
  2063 | D:2      | Reached XP level 4. HP: 33/33 MP: 5/12
  2808 | D:2      | Found a sacrificial altar of Ru.
  3383 | D:3      | Found a radiant altar of Vehumet.
  4585 | D:3      | Reached XP level 5. HP: 38/38 MP: 15/15
  4878 | D:4      | Reached skill level 1 in Fighting
  5038 | D:4      | Learned a level 1 spell: Summon Small Mammal
  5118 | D:4      | Found a glowing golden altar of the Shining One.
  5140 | D:4      | Reached skill level 2 in Fighting
  5228 | D:4      | Noticed an ogre
  5244 | D:4      | Killed an ogre
  5244 | D:4      | Reached skill level 3 in Fighting
  5244 | D:4      | Reached XP level 6. HP: 30/51 MP: 9/16
  5582 | D:4      | Found a staircase to the Ecumenical Temple.
  6209 | D:4      | Reached skill level 4 in Fighting
  6421 | D:4      | Found a hazy altar of Hepliaklqana.
  6462 | D:4      | Found a radiant altar of Vehumet.
  7420 | D:4      | HP: 1/55 [iguana (6)]
  7423 | D:4      | Reached skill level 5 in Fighting
  7423 | D:4      | Reached XP level 7. HP: 16/61 MP: 17/17
  7718 | D:5      | Entered Level 5 of the Dungeon
  8997 | D:4      | Reached skill level 6 in Fighting
 10136 | D:5      | Noticed a hippogriff
 10166 | D:5      | HP: 1/64 [hippogriff (8)]
 10915 | D:5      | Killed a hippogriff
 10915 | D:5      | Reached skill level 7 in Fighting
 10924 | D:5      | Reached XP level 8. HP: 44/73 MP: 11/18
 11740 | D:5      | Reached skill level 8 in Fighting
 12386 | D:6      | Noticed Dowan
 12411 | D:6      | Noticed Duvessa
 12527 | D:6      | Killed Duvessa
 12527 | D:6      | Reached skill level 9 in Fighting
 12589 | D:6      | Killed Dowan
 14243 | D:7      | Found a bloodstained altar of Trog.
 15222 | D:7      | Reached skill level 10 in Fighting
 15326 | D:7      | Reached skill level 1 in Polearms
 15362 | D:7      | Reached XP level 9. HP: 71/85 MP: 19/19
 15553 | D:7      | Found a basalt altar of Yredelemnul.
 15840 | D:7      | HP: 3/85 [orc priest/divine providence (11)]
 15841 | D:7      | Killed from afar by an orc priest

Skill      XL: |  1  2  3  4  5  6  7  8  9 |
---------------+----------------------------+-----
Spellcasting   | 2 3 4 |  4.7
Fighting       | 3 5 7 10 | 10.0
Polearms       | 1 3 |  3.0
Long Blades    | |  1.7
Stealth        | |  1.7
Ice Magic      | |  1.0
Earth Magic    | |  1.7
Evocations     | |  1.0

Action                   |  1- 3 |  4- 6 |  7- 9 || total
-------------------------+-------+-------+-------++-------
Melee: Falchion          |    77 |    86 |   154 ||   317
       Spear             |    43 |   215 |       ||   258
       Dagger            |       |     5 |    92 ||    97
       Trident           |       |       |   125 ||   125
 Fire: Blowgun           |       |    47 |   101 ||   148
 Cast: Summon Butterflie |     7 |    18 |    20 ||    45
       Summon Guardian G |     6 |    20 |    47 ||    73
       Summon Small Mamm |       |    17 |     1 ||    18
Evoke: Wand              |       |     3 |       ||     3
  Use: Potion            |     1 |     3 |     7 ||    11
       Scroll            |       |     5 |    11 ||    16
 Stab: Sleeping          |     3 |     7 |     2 ||    12
       Distracted        |     1 |     2 |       ||     3
       Paralysed         |       |     6 |       ||     6
  Eat: Chunk             |     4 |    18 |    28 ||    50
       Beef jerky        |       |       |     2 ||     2
Armor: Skin              |    16 |       |       ||    16
       Robe              |    27 |    55 |    61 ||   143
       Leather armour    |       |       |    42 ||    42
Dodge: Dodged            |    52 |   159 |   261 ||   472
       Rpst.: Falchion   |    14 |    18 |    36 ||    68
